 Dungeon Crawl Stone Soup version 0.24-a0-139-geb6712d24a (webtiles) character file.

Game seed: 2351003747771379726

25 MrRokkomies the Ducker (level 2, 0/16 HPs)
             Began as a Spriggan Abyssal Knight on Mar 3, 2019.
             Was a Follower of Lugonu.
             Slain by Natasha (8 damage)
             ... on level 2 of the Dungeon.
             The game lasted 00:03:11 (1224 turns).

MrRokkomies the Ducker (Spriggan Abyssal Knight)    Turns: 1224, Time: 00:03:13

Health: 0/16       AC:  2    Str:  8    XL:     2   Next: 86%
Magic:  4/4        EV: 19    Int: 13    God:    Lugonu [*.....]
Gold:   8          SH:  0    Dex: 15    Spells: 1/1 levels left

rFire    . . .     SeeInvis +   a - +1 short sword
rCold    . . .     Gourm    .   (shield restricted)
rNeg     . . .     Faith    .   g - +0 robe
rPois    .         Spirit   .   (helmet restricted)
rElec    .         Reflect  .   (no cloak)
rCorr    .         Harm     .   (gloves unavailable)
MR       .....                  (boots unavailable)
Stlth    +.........             j - amulet of inaccuracy (curse)
HPRegen  0.05/turn              (no ring)
MPRegen  0.09/turn              (no ring)

@: very quick
A: very small, unfitting armour, see invisible, herbivore, speed 3, slow
metabolism 2
a: Depart the Abyss, Renounce Religion


You were on level 2 of the Dungeon.
You worshipped Lugonu.
Lugonu was aware of your devotion.
You were not hungry.

You visited 1 branch of the dungeon, and saw 2 of its levels.
You visited the Abyss 1 time.

You collected 8 gold pieces.

Inventory:

Hand Weapons
 a - a +1 short sword (weapon)
 b - a +0 fustibalus
Missiles
 h - 17 poisoned needles
 i - 8 stones (quivered)
Armour
 g - a +0 robe (worn)
Jewellery
 j - a cursed amulet of inaccuracy (around neck)
 l - an uncursed amulet of faith {unknown}
Scrolls
 f - a scroll of immolation
Potions
 d - a potion of degeneration {unknown}
 e - 5 potions of curing {unknown}
 k - a potion of agility {unknown}
 n - a potion of might {unknown}
Comestibles
 c - 3 rations


   Skills:
 - Level 2.4 Fighting
 * Level 2.9 Short Blades
 + Level 4.0 Dodging
 * Level 2.4 Invocations


You had one spell level left.
You didn't know any spells.
Your spell library was empty.

Dungeon Overview and Level Annotations

Branches:
Dungeon (2/15)

Altars:

Annotations:
D:2 Natasha


Innate Abilities, Weirdness & Mutations

You are very small and have problems with some larger weapons.
You are too small for most types of armour.
You have supernaturally acute eyesight. (SInv)
You are a herbivore.
You cover ground extremely quickly.
You need to consume almost no food.


Message History

You hit Natasha.
Natasha is heavily wounded.
Natasha claws you!
Ouch! That really hurt!
You are too injured to fight recklessly!
You are too injured to fight recklessly!
You are too injured to fight recklessly!
You are too injured to fight recklessly!
You hit Natasha.
Natasha is heavily wounded.
The shadow imp misses you. Natasha claws you but does no damage.
You barely miss Natasha.
Natasha is heavily wounded.
The shadow imp misses you. Natasha misses you.
You miss Natasha.
Natasha is heavily wounded.
The shadow imp shouts, "Go and return not, thou feckless tickle-brained puttock!"
The shadow imp misses you. Natasha claws you!
Ouch! That really hurt!
You die...

...# #.. #..# ##.. #.>#
... #.<# #.) #..# #..
#... #.. ##.#
#.#.#..########## #.#
)..?..h@...<....# #.#
#.#.#.5########.######.#
#.. #........# #>.
########## ... #... ..#.
####.


You could see Natasha and a shadow imp.

Vanquished Creatures
  A leopard gecko (D:1)
  4 bats (D:1)
  3 giant cockroaches (D:1)
  2 goblins (D:1)
  4 hobgoblins (D:1)
  4 kobolds (D:1)
  A frilled lizard (D:1)
  3 rats (D:1)
22 creatures vanquished.

Notes
Turn   | Place    | Note
-------+----------+-------------------------------------------
     0 | Abyss:1  | MrRokkomies the Spriggan Abyssal Knight began the quest for
                  | the Orb.
     0 | Abyss:1  | Reached XP level 1. HP: 11/11 MP: 3/3
    27 | Abyss:1  | Noticed a chaos spawn
    29 | Abyss:1  | Noticed an iron imp
   107 | Abyss:2  | Noticed a small abomination
   111 | Abyss:2  | Found a corrupted altar of Lugonu.
   117 | Abyss:2  | Found a corrupted altar of Lugonu.
   127 | Abyss:2  | Noticed a raiju
   128 | Abyss:2  | Noticed a raiju
   130 | D:1      | Escaped the Abyss
   276 | D:1      | Reached XP level 2. HP: 10/16 MP: 4/4
   325 | D:1      | Reached * piety under Lugonu
  1034 | D:1      | Reached skill level 4 in Dodging
  1212 | D:2      | Noticed Natasha
  1224 | D:2      | Slain by Natasha

Levels and vault maps discovered:
D:1:      minmay_arrival_nine_rooms, layout_loops_ring
D:2:      layout_loops_ring, grunt_temple_overflow_diamond, uniq_natasha
Abyss:1
Abyss:2

Skill      XL: |  1  2 |
---------------+-------+-----
Invocations    | 2 |  2.4
Dodging        | 4 |  4.0
Fighting       | |  2.4
Short Blades   | |  2.9

Action                   || total
-------------------------++-------
Melee: Short sword       ||    90
Invok: Depart the Abyss  ||     1
  Use: Scroll            ||     4
 Stab: Sleeping          ||     1
Armor: Robe              ||    14
Dodge: Dodged            ||    80

Table legend:
 A = Non-vault XP
 B = Vault XP
 C = Vault XP percentage of total XP
 D = Non-vault monster count
 E = Vault monster count
 F = Vault count percentage of total count
                 A         B        C        D         E       F
            +---------+---------+-------+---------+---------+-------
      Total |      37 |       0 |   0.0 |      22 |       0 |   0.0
            +---------+---------+-------+---------+---------+-------
        D:1 |      37 |       0 |   0.0 |      22 |       0 |   0.0
            +---------+---------+-------+---------+---------+-------
